 Dungeon Crawl Stone Soup version 0.26-a0-540-g8a0c9464d7 (webtiles) character file.

Game seed: 1845707724618949958

37 Lanoc the Slasher (level 3, -1/33 HPs)
             Began as a Draconian Monk on Aug 19, 2020.
             Slain by an adder (2 damage)
             ... on level 1 of the Dungeon.
             The game lasted 00:00:53 (620 turns).

Lanoc the Slasher (Draconian Monk)                   Turns: 620, Time: 00:00:53

Health: -1/33      AC:  5    Str: 13    XL:     3   Next: 23%
Magic:  3/3        EV: 13    Int: 10    God:
Gold:   23         SH:  0    Dex: 14    Spells: 2/2 levels left

rFire    . . .     SeeInvis .   a - +0 falchion
rCold    . . .     Faith    .   (no shield)
rNeg     . . .     Spirit   .   (armour unavailable)
rPois    .         Reflect  .   (helmet restricted)
rElec    .         Harm     .   (no cloak)
rCorr    .                      (no gloves)
MR       .....                  (no boots)
Stlth    ++........             (no amulet)
HPRegen  0.11/turn              (no ring)
MPRegen  0.08/turn              (no ring)

@: lethally poisoned (-1 -> -5)
A: unfitting armour, cold-blooded, AC +5
a: no special abilities


You were on level 1 of the Dungeon.
You visited 1 branch of the dungeon, and saw 2 of its levels.

You collected 23 gold pieces.

Inventory:

Hand Weapons
 a - a +0 falchion (weapon)
Scrolls
 b - 2 scrolls of identify {unknown}
 c - a scroll of amnesia {unknown}
 d - a scroll of teleportation {unknown}


   Skills:
 + Level 3.7 Fighting
 * Level 3.7 Long Blades
 + Level 3.0 Dodging
 - Level 1.7 Stealth


You had 2 spell levels left.
You didn't know any spells.
Your spell library was empty.

Dungeon Overview and Level Annotations

Branches:
Dungeon (2/15)

Altars:


Innate Abilities, Weirdness & Mutations

Your plain brown scales are hard. (AC +5)
You cannot fit into any form of body armour.
You are cold-blooded and may be slowed by cold attacks.


Message History

The adder bites you but does no damage.
You hit the adder but do no damage.
The adder is heavily wounded.
The adder closely misses you.
You closely miss the adder.
The adder is heavily wounded.
The adder bites you.
* * * LOW HITPOINT WARNING * * *
You are lethally poisoned!
The adder poisons you!
You miss the adder.
The adder is heavily wounded.
* * * LOW HITPOINT WARNING * * *
You feel sick. The adder bites you but does no damage. The adder bites you.
* * * LOW HITPOINT WARNING * * *
You closely miss the adder. You tail-slap the adder.
The adder is almost dead.
* * * LOW HITPOINT WARNING * * *
You feel sick. The adder bites you.
You die...

#.........# #.........#
#.#.......###.###.#####
#.#.###....##.# #.# ###.#.#
#.......# #.#####
#.....###....#### #.....#
#.#.#.....).## #####.#
###.#.######..# #.#
#.......####..# #†#
#..#......@SS.## #.#
##.###.#.####...## #.# #.##
##..###.....## ###.#
##.###.#.##.>.....# ##.#.#
#..#.##.#.........####....#
#.......+.........+........
#.......#.........####.....
##....####.......## #..#.#
#.#### ##.....## #.##.#


You could see 2 adders.

Vanquished Creatures
  2 gnolls (D:1)
  An adder (D:2)
  A leopard gecko (D:2)
  3 kobolds (D:1)
  2 bats
  A frilled lizard (D:1)
  2 rats (D:2)
12 creatures vanquished.

Notes
Turn   | Place    | Note
-------+----------+-------------------------------------------
     0 | D:1      | Lanoc the Draconian Monk began the quest for the Orb.
     0 | D:1      | Reached XP level 1. HP: 19/19 MP: 1/1
   246 | D:1      | Reached XP level 2. HP: 14/26 MP: 2/2
   579 | D:2      | Reached XP level 3. HP: 21/33 MP: 3/3
   619 | D:1      | HP: 1/33 [adder (1)]
   620 | D:1      | Slain by an adder

Illustrated notes

Levels and vault maps discovered:
D:1:      dpeg_arrival_water_temple_mockup, layout_loops_corners
D:2:      layout_basic, lemuel_crystal_altar,
          chequers_temple_overflow_statue_of_worship, grunt_decor_one_mirror,
          minmay_circle_x

Skill      XL: |  1  2 |
---------------+-------+-----
Dodging        | 3 |  3.0
Fighting       | |  3.7
Long Blades    | |  3.7
Stealth        | |  1.7

Action                   || total
-------------------------++-------
Melee: Falchion          ||    54
       Tailslap          ||     9
Armor: Skin              ||    17
Dodge: Dodged            ||    46
       Rpst.: Falchion   ||    15

Table legend: (Time is in decaauts)
 A = Elapsed time spent in this place.
 B = Non-inter-level travel time spent in this place.
 C = Inter-level travel time spent in this place.
 D = Time resting spent in this place.
 E = Time spent auto-exploring this place.
 F = Levels seen in this place.
 G = Mean time per level.
                   A        B        C        D        E       F      G
               +--------+--------+--------+--------+--------+-----+--------+
         Total |    626 |    608 |     18 |      0 |    501 |   2 |  313.0 |
       Dungeon |    626 |    608 |     18 |      0 |    501 |   2 |  313.0 |
               +--------+--------+--------+--------+--------+-----+--------+

Top non-repeatable levels by time:
     D:1: 496 daAuts
     D:2: 130 daAuts
